TOP OF THE 1ST |
New Orleans Looters batting - Pitching for Kansas City Kings : LHP Francisco Morales
|
Pitching: LHP Francisco Morales
|
|
Batting: LHB Francisco Vega
|
0-0: Fly out, F8 (Flyball, 8LM)
|
Batting: RHB Rubén Vázquez
|
0-0: Ball 1-0: Ball 2-0: Called Strike 2-1: Ground out 6-3 (Groundball, 6)
|
Batting: RHB Stephen Shaw
|
0-0: Ball 1-0: Ball 2-0: Called Strike 2-1: Ball 3-1: Called Strike 3-2: Fly out, F6 (Popup, 6MD)
|
Top of the 1st over - 0 run(s), 0 hit(s), 0 error(s), 0 left on base; New Orleans 0 - Kansas City 0 |
BOTTOM OF THE 1ST |
Kansas City Kings batting - Pitching for New Orleans Looters : RHP Edward Baker
|
Pitching: RHP Edward Baker
|
|
Batting: RHB Chris Chandler
|
0-0: Ball 1-0: Ground out 5-3 (Groundball, 56)
|
Batting: SHB Douglas Taylor
|
0-0: Foul Ball, location: 2F 0-1: Hit by Pitch
|
Batting: RHB Toshimichi Kono
|
0-0: Ball 1-0: Ball 2-0: Called Strike 2-1: Swinging Strike 2-2: Grounds into double play, 5-4-3 (Groundball, 5)
|
Bottom of the 1st over - 0 run(s), 0 hit(s), 0 error(s), 0 left on base; New Orleans 0 - Kansas City 0 |
TOP OF THE 2ND |
New Orleans Looters batting - Pitching for Kansas City Kings : LHP Francisco Morales
|
Batting: SHB Oliver Deleón
|
0-0: Ball 1-0: Called Strike 1-1: Fly out, F9 (Flyball, 89M)
|
Batting: LHB Seung-chun Mun
|
0-0: Foul Ball, location: 2F 0-1: Called Strike 0-2: Ball 1-2: Foul Ball, location: 2F 1-2: Ball 2-2: SINGLE (Line Drive, 34)
|
Batting: RHB Tim Gardner
|
0-0: Ball 1-0: Called Strike 1-1: Swinging Strike 1-2: Ball 2-2: Strikes out swinging
|
Batting: LHB Miguel Colón
|
0-0: Ball 1-0: Foul Ball, location: 2F 1-1: Called Strike 1-2: Foul Ball, location: 2F 1-2: SINGLE (Groundball, 4MD) Seung-chun Mun to second
|
Batting: RHB Run-ming Zhu
|
0-0: Ball 1-0: Fielders Choice at 2nd, 6-4 (Groundball, 6)
|
Top of the 2nd over - 0 run(s), 2 hit(s), 0 error(s), 1 left on base; New Orleans 0 - Kansas City 0 |
BOTTOM OF THE 2ND |
Kansas City Kings batting - Pitching for New Orleans Looters : RHP Edward Baker
|
Batting: LHB Ron Crawford
|
0-0: Called Strike 0-1: Foul Ball, location: 2F 0-2: Strikes out looking
|
Batting: LHB Stan Hickman
|
0-0: Called Strike 0-1: Foul Ball, location: 2F 0-2: Ball 1-2: Strikes out looking
|
Batting: RHB Dave Parker
|
0-0: Foul Ball, location: 2F 0-1: Fly out, F4 (Popup, 4)
|
Bottom of the 2nd over - 0 run(s), 0 hit(s), 0 error(s), 0 left on base; New Orleans 0 - Kansas City 0 |
TOP OF THE 3RD |
New Orleans Looters batting - Pitching for Kansas City Kings : LHP Francisco Morales
|
Batting: SHB Arturo Sánchez
|
0-0: Called Strike 0-1: Ball 1-1: Foul Ball, location: 2F 1-2: Ball 2-2: Strikes out swinging
|
Batting: LHB Francisco Vega
|
0-0: SINGLE (Groundball, 56S) (infield hit)
|
Batting: RHB Rubén Vázquez
|
0-0: Foul Ball, location: 2F 0-1: Ball 1-1: Foul Ball, location: 2F 1-2: Ball 2-2: Foul Ball, location: 2F 2-2: Strikes out swinging
|
Batting: RHB Stephen Shaw
|
0-0: Ball 1-0: Called Strike 1-1: Ball 2-1: Foul Ball, location: 2F 2-2: Fly out, F3 (Line Drive, 34)
|
Top of the 3rd over - 0 run(s), 1 hit(s), 0 error(s), 1 left on base; New Orleans 0 - Kansas City 0 |
BOTTOM OF THE 3RD |
Kansas City Kings batting - Pitching for New Orleans Looters : RHP Edward Baker
|
Batting: RHB Ronald Parsons
|
0-0: Called Strike 0-1: Ground out 3-1 (Groundball, 2R)
|
Batting: LHB Luis González
|
0-0: Ball 1-0: Swinging Strike 1-1: Foul Ball, location: 2F 1-2: Ball 2-2: Foul Ball, location: 2F 2-2: SOLO HOME RUN (Flyball, 89XD), Distance : 385 ft
|
Batting: RHB Cy Keynes
|
0-0: Foul Ball, location: 2F 0-1: Swinging Strike 0-2: Ball 1-2: Ball 2-2: SINGLE (Groundball, 6MD)
|
Batting: RHB Chris Chandler
|
0-0: Foul Ball, location: 2F 0-1: Called Strike 0-2: SINGLE (Flyball, 8LS) Cy Keynes to second Runner from 2nd tries for 3rd, SAFE, throw made to third Chris Chandler to second
|
Batting: SHB Douglas Taylor
|
0-0: Swinging Strike 0-1: Called Strike 0-2: Ball 1-2: Foul Ball, location: 2F 1-2: Foul Ball, location: 2F 1-2: Ball 2-2: 3-RUN HOME RUN (Flyball, 9LD), Distance : 383 ft
|
Batting: RHB Toshimichi Kono
|
0-0: Ball 1-0: Swinging Strike 1-1: Swinging Strike 1-2: Foul Ball, location: 2F 1-2: Ground out 6-3 (Groundball, 6)
|
Batting: LHB Ron Crawford
|
0-0: Swinging Strike 0-1: Fly out, F4 (Popup, 3D)
|
Bottom of the 3rd over - 4 run(s), 4 hit(s), 0 error(s), 0 left on base; New Orleans 0 - Kansas City 4 |
TOP OF THE 4TH |
New Orleans Looters batting - Pitching for Kansas City Kings : LHP Francisco Morales
|
Batting: SHB Oliver Deleón
|
0-0: Ball 1-0: Called Strike 1-1: Fly out, F2 (Popup, 2R)
|
Batting: LHB Seung-chun Mun
|
0-0: Ball 1-0: Ball 2-0: Ground out U3 (Groundball, 3)
|
Batting: RHB Tim Gardner
|
0-0: Swinging Strike 0-1: Swinging Strike 0-2: Ball 1-2: Strikes out swinging, 2-3 out at first.
|
Top of the 4th over - 0 run(s), 0 hit(s), 0 error(s), 0 left on base; New Orleans 0 - Kansas City 4 |
BOTTOM OF THE 4TH |
Kansas City Kings batting - Pitching for New Orleans Looters : RHP Edward Baker
|
Batting: LHB Stan Hickman
|
0-0: Called Strike 0-1: Ball 1-1: Swinging Strike 1-2: Foul Ball, location: 2F 1-2: Ball 2-2: Ball 3-2: Foul Ball, location: 2F 3-2: Ground out U3 (Groundball, 3)
|
Batting: RHB Dave Parker
|
0-0: Swinging Strike 0-1: Swinging Strike 0-2: Foul Ball, location: 2F 0-2: Ball 1-2: Strikes out swinging
|
Batting: RHB Ronald Parsons
|
0-0: Ball 1-0: Ball 2-0: Fly out, F9 (Flyball, 9S)
|
Bottom of the 4th over - 0 run(s), 0 hit(s), 0 error(s), 0 left on base; New Orleans 0 - Kansas City 4 |
TOP OF THE 5TH |
New Orleans Looters batting - Pitching for Kansas City Kings : LHP Francisco Morales
|
Batting: LHB Miguel Colón
|
0-0: Ball 1-0: Foul Ball, location: 2F 1-1: Fly out, F8 (Flyball, 8LM)
|
Batting: RHB Run-ming Zhu
|
0-0: Ball 1-0: Ball 2-0: DOUBLE (Line Drive, 7LS)
|
Batting: SHB Arturo Sánchez
|
0-0: Ball 1-0: Foul Ball, location: 2F 1-1: Swinging Strike 1-2: Ground out 4-3 (Groundball, 4) Run-ming Zhu to third
|
Batting: LHB Francisco Vega
|
0-0: Ball 1-0: Ball 2-0: Called Strike 2-1: Foul Ball, location: 2F 2-2: Fly out, F9 (Flyball, 9S)
|
Top of the 5th over - 0 run(s), 1 hit(s), 0 error(s), 1 left on base; New Orleans 0 - Kansas City 4 |
BOTTOM OF THE 5TH |
Kansas City Kings batting - Pitching for New Orleans Looters : RHP Edward Baker
|
Batting: LHB Luis González
|
0-0: Called Strike 0-1: Ball 1-1: Ball 2-1: Fly out, F8 (Flyball, 8RM)
|
Batting: RHB Cy Keynes
|
0-0: Ball 1-0: Foul Ball, location: 2F 1-1: Fly out, F9 (Flyball, 9S)
|
Batting: RHB Chris Chandler
|
0-0: Swinging Strike 0-1: SOLO HOME RUN (Flyball, 78XD), Distance : 378 ft
|
Batting: SHB Douglas Taylor
|
0-0: Called Strike 0-1: Foul Ball, location: 2F 0-2: Ball 1-2: SINGLE (Groundball, 3S) (infield hit)
|
Pitching: RHP Roy March
|
|
Batting: RHB Toshimichi Kono
|
0-0: Called Strike 0-1: Ball 1-1: Ball 2-1: Ball 3-1: Base on Balls Douglas Taylor to second
|
Batting: LHB Ron Crawford
|
0-0: Fly out, F4 (Line Drive, 4)
|
Bottom of the 5th over - 1 run(s), 2 hit(s), 0 error(s), 2 left on base; New Orleans 0 - Kansas City 5 |
TOP OF THE 6TH |
New Orleans Looters batting - Pitching for Kansas City Kings : LHP Francisco Morales
|
Batting: RHB Rubén Vázquez
|
0-0: Ball 1-0: Ball 2-0: Ball 3-0: Called Strike 3-1: Reached on error, E5 (Groundball, 56)
|
Batting: RHB Stephen Shaw
|
0-0: Called Strike 0-1: Swinging Strike 0-2: Ball 1-2: SINGLE (Line Drive, 9S) Rubén Vázquez to second Runner from 2nd tries for 3rd, SAFE, throw made to third
|
Batting: SHB Oliver Deleón
|
0-0: Called Strike 0-1: Foul Ball, location: 2F 0-2: Hit by Pitch Stephen Shaw to second
|
Batting: LHB Seung-chun Mun
|
0-0: Called Strike 0-1: Called Strike 0-2: Foul Ball, location: 2F 0-2: Foul Ball, location: 2F 0-2: Strikes out swinging
|
Batting: RHB Tim Gardner
|
0-0: Ball 1-0: DOUBLE (Line Drive, 7LM) Rubén Vázquez scores Stephen Shaw scores Oliver Deleón to third Runner from 3rd tries for Home, SAFE, throw made home
|
Batting: LHB Miguel Colón
|
0-0: Ball 1-0: Fly out, F1 (Line Drive, 13)
|
Batting: RHB Run-ming Zhu
|
0-0: Ball 1-0: Ball 2-0: Foul Ball, location: 2F 2-1: Ball 3-1: Swinging Strike 3-2: Ground out 5-3 (Groundball, 56S)
|
Top of the 6th over - 3 run(s), 2 hit(s), 1 error(s), 1 left on base; New Orleans 3 - Kansas City 5 |
BOTTOM OF THE 6TH |
Kansas City Kings batting - Pitching for New Orleans Looters : RHP Roy March
|
Batting: LHB Stan Hickman
|
0-0: Ball 1-0: Foul Ball, location: 2F 1-1: Foul Ball, location: 2F 1-2: Strikes out swinging
|
Batting: RHB Dave Parker
|
0-0: Ball 1-0: Foul Ball, location: 2F 1-1: Foul Ball, location: 2F 1-2: Strikes out swinging
|
Batting: RHB Ronald Parsons
|
0-0: Fly out, F8 (Flyball, 8RS)
|
Bottom of the 6th over - 0 run(s), 0 hit(s), 0 error(s), 0 left on base; New Orleans 3 - Kansas City 5 |
TOP OF THE 7TH |
New Orleans Looters batting - Pitching for Kansas City Kings : LHP Francisco Morales
|
Batting: SHB Arturo Sánchez
|
0-0: Swinging Strike 0-1: Swinging Strike 0-2: Foul Ball, location: 2F 0-2: Ball 1-2: Ball 2-2: Fly out, F4 (Popup, 4MD)
|
Batting: LHB Francisco Vega
|
0-0: Ball 1-0: Called Strike 1-1: Ground out 3-1 (Groundball, 34)
|
Batting: RHB Rubén Vázquez
|
0-0: Ball 1-0: Ball 2-0: Ball 3-0: Called Strike 3-1: Base on Balls
|
Pitching: LHP Manuel Parra
|
|
Batting: RHB Stephen Shaw
|
0-0: Fielders Choice at 2nd, 6-4 (Groundball, 6)
|
Top of the 7th over - 0 run(s), 0 hit(s), 0 error(s), 0 left on base; New Orleans 3 - Kansas City 5 |
BOTTOM OF THE 7TH |
Kansas City Kings batting - Pitching for New Orleans Looters : RHP Roy March
|
Batting: LHB Luis González
|
0-0: Foul Ball, location: 2F 0-1: Swinging Strike 0-2: Ground out 4-3 (Groundball, 4)
|
Batting: RHB Cy Keynes
|
0-0: Foul Ball, location: 2F 0-1: Fly out, F4 (Popup, 34D)
|
Batting: RHB Chris Chandler
|
0-0: Swinging Strike 0-1: Called Strike 0-2: Strikes out looking
|
Bottom of the 7th over - 0 run(s), 0 hit(s), 0 error(s), 0 left on base; New Orleans 3 - Kansas City 5 |
TOP OF THE 8TH |
New Orleans Looters batting - Pitching for Kansas City Kings : LHP Manuel Parra
|
Batting: SHB Oliver Deleón
|
0-0: Fly out, F8 (Flyball, 89D)
|
Batting: LHB Seung-chun Mun
|
0-0: Foul Ball, location: 2F 0-1: Fly out, F7 (Flyball, 7LS)
|
Batting: RHB Tim Gardner
|
0-0: Ball 1-0: Ball 2-0: Swinging Strike 2-1: Swinging Strike 2-2: Foul Ball, location: 2F 2-2: Ball 3-2: SINGLE (Line Drive, 8LS)
|
Batting: LHB Miguel Colón
|
0-0: Foul Ball, location: 2F 0-1: Ground out U3 (Groundball, 3)
|
Top of the 8th over - 0 run(s), 1 hit(s), 0 error(s), 1 left on base; New Orleans 3 - Kansas City 5 |
BOTTOM OF THE 8TH |
Kansas City Kings batting - Pitching for New Orleans Looters : RHP Roy March
|
Batting: SHB Douglas Taylor
|
0-0: Ball 1-0: Called Strike 1-1: Ground out 4-3 (Groundball, 4S)
|
Batting: RHB Toshimichi Kono
|
0-0: SINGLE (Line Drive, 4D)
|
Pitching: LHP Tadao Yoshida
|
|
Batting: LHB Ron Crawford
|
0-0: Swinging Strike 0-1: Swinging Strike 0-2: Foul Ball, location: 2F 0-2: Strikes out swinging
|
Pitching: RHP Ienobu Sato
|
|
Batting: LHB Stan Hickman
|
0-0: Called Strike 0-1: Foul Ball, location: 2F 0-2: Ball 1-2: DOUBLE (Line Drive, 89M) Toshimichi Kono to third
|
Pinch Hitting: LHB Brian Boone
|
0-0: Foul Ball, location: 2F 0-1: Ball 1-1: DOUBLE (Flyball, 8LXD) Toshimichi Kono scores Stan Hickman scores
|
Batting: RHB Ronald Parsons
|
0-0: Called Strike 0-1: Foul Ball, location: 2F 0-2: Strikes out swinging
|
Bottom of the 8th over - 2 run(s), 3 hit(s), 0 error(s), 1 left on base; New Orleans 3 - Kansas City 7 |
TOP OF THE 9TH |
New Orleans Looters batting - Pitching for Kansas City Kings : LHP Manuel Parra
|
Now at 3B: John Miller
|
|
Batting: RHB Run-ming Zhu
|
0-0: Foul Ball, location: 2F 0-1: Swinging Strike 0-2: Foul Ball, location: 2F 0-2: Fly out, F7 (Flyball, 7D)
|
Batting: SHB Arturo Sánchez
|
0-0: Called Strike 0-1: Ground out 6-3 (Groundball, 6)
|
Batting: LHB Francisco Vega
|
0-0: Ball 1-0: SINGLE (Groundball, 6MD)
|
Batting: RHB Rubén Vázquez
|
0-0: Ball 1-0: Foul Ball, location: 2F 1-1: SINGLE (Line Drive, 78S) Francisco Vega to second
|
Pitching: RHP Alberto Bonilla
|
|
Batting: RHB Stephen Shaw
|
0-0: Fly out, F7 (Line Drive, 78M)
|
Top of the 9th over - 0 run(s), 2 hit(s), 0 error(s), 2 left on base; New Orleans 3 - Kansas City 7 |
|